 Dungeon Crawl Stone Soup version 0.31-a0-175-g9f7f995f2b (webtiles) character file.

Game seed: 3106167407897232905

36 qw the Chopper (level 3, -2/23 HPs)
             Began as a Gargoyle Fighter on June 16, 2023.
             Slain by Sigmund
             ... wielding a +0 scythe
              (10 damage)
             ... on level 2 of the Dungeon.
             The game lasted 00:00:31 (1294 turns).

qw the Chopper (Gargoyle Fighter)                   Turns: 1294, Time: 00:00:32

Health: -2/23      AC: 10    Str: 21    XL:     3   Next: 37%
Magic:  3/3        EV:  9    Int:  8    God:
Gold:   107        SH:  4    Dex:  9    Spells: 2/2 levels left

rFire   . . .        Y - +0 war axe
rCold   . . .        c - +0 buckler
rNeg    + . .        b - +0 scale mail
rPois   inf          (no helmet)
rElec   +            (no cloak)
rCorr   .            (no gloves)
SInv    .            (no boots)
Will    .....        (no amulet) Stlth
                     (no ring)
HPRegen 0.23/turn    (no ring)
MPRegen 0.08/turn

%: no passive effects
@: no status effects
A: sickness immunity, AC +3, negative energy resistance 1, electricity
resistance, torment resistance 1, petrification resistance
a: no special abilities


You were on level 2 of the Dungeon.
You visited 1 branch of the dungeon, and saw 2 of its levels.

You collected 107 gold pieces.


Innate Abilities, Weirdness & Mutations

You are immune to sickness and miasma.
Your stone body is resilient. (AC +3)
You are immune to poison.
You resist negative energy. (rN+)
You are resistant to electric shocks. (rElec)
You are resistant to unholy torment.
You are immune to petrification.


   Skills:
 - Level 3.2 Fighting
 + Level 3.3 Axes
 - Level 3.2 Armour
 - Level 3.2 Shields


You had 2 spell levels left.
You didn't know any spells.
Your spell library was empty.

Inventory:

Hand Weapons
 g - a +1 hand axe of flaming
 Y - a +0 war axe (weapon)
Armour
 b - a +0 scale mail (worn)
 c - a +0 buckler (worn)
Jewellery
 a - a ring of ice
Potions
 d - a potion of might
 e - a potion of berserk rage {unknown}
 f - a potion of curing {unknown}
 h - a potion of heal wounds {unknown}
 j - a potion of haste {unknown}

Dungeon Overview and Level Annotations

Branches:
Dungeon (2/15)

Altars:

Annotations:
D:2 Jessica, Sigmund


Message History

Enter note: Jessica and Sigmund come into view.
Sigmund is wielding a +0 scythe and wearing a +0 robe of willpower.
Jessica points at you and mumbles some strange words.
Pain shoots through your body!
Enter note:
Enter note:
Enter note:
Enter note:
Enter note:
Enter note:
Enter note:
Enter note:
Enter note:
Enter note:
Enter note:
Enter note: Jessica closely misses you. Sigmund misses you.
Enter note:
Enter note:
Enter note:
Enter note:
Enter note:
Enter note: You barely miss Sigmund.
You closely miss Jessica. Jessica hits you with a +0 club.
Sigmund casts a spell at you.
You are confused.
Jessica hits you but does no damage. Sigmund closely misses you.
Jessica barely misses you. Jessica hits you but does no damage.
Sigmund points at you and mumbles some strange words.
The magic dart hits you. Jessica hits you with a +0 club.
Sigmund closely misses you. Jessica hits you with a +0 club.
Sigmund barely misses you. Jessica hits you with a +0 club.
You feel less confused.
Jessica points at you and mumbles some strange words.
Pain shoots through your body! Sigmund hits you with a +0 scythe!
You die...

#.##.. ####
#.##.. ##
#.... #.. #..
.. ....## #..
#..# ##.
...... ##..
#..##..
#.....# #...
#......
......# ......
#....##@.....#
..##...
#.^#....#@@# .
.....
#.........##
#####.
#...###.### ##
#.....# #
#####.# #.#
#.# #.# #.#


You could see Sigmund and Jessica.

Vanquished Creatures
  An adder (D:2)
  A worm (D:2)
  A dart slug (D:2)
  2 endoplasms (D:1)
  3 giant cockroaches (D:1)
  3 hobgoblins
  A quokka (D:1)
  A ball python (D:2)
  3 bats
  2 frilled lizards (D:2)
  2 kobolds (D:2)
  3 rats
23 creatures vanquished.

Notes
Turn   | Place    | Note
-------+----------+-------------------------------------------
     0 | D:1      | qw the Gargoyle Fighter began the quest for the Orb.
     0 | D:1      | Reached XP level 1. HP: 14/14 MP: 1/1
     0 | D:1      | 0 ||| qw: Version: 0.2-a-29-g511e9b1
     0 | D:1      | 0 ||| qw: Game counter: 5899
     0 | D:1      | 0 ||| qw: Always use a shield: true
     0 | D:1      | 0 ||| qw: God list: Okawaru
     0 | D:1      | 0 ||| qw: Allow faded altars: false
     0 | D:1      | 0 ||| qw: Do Orc after D:15 true
     0 | D:1      | 0 ||| qw: Do second Lair branch before Depths: true
     0 | D:1      | 0 ||| qw: Lair rune preference: random
     0 | D:1      | 0 ||| qw: Plans: Normal, Zot:1-4, Slime:5, God:TSO, Crypt,
                  | Tomb, Abyss, Pan, Hells, Win
     0 | D:1      | 0 ||| PLANNING D:1-11
   234 | D:1      | Reached XP level 2. HP: 19/19 MP: 2/2
   687 | D:1      | 687 ||| READING scroll labelled QUCZIH ZENGI.
   687 | D:1      | Identified a scroll of acquirement
   687 | D:1      | 687 ||| ACQUIRING ring of ice
   687 | D:1      | Acquired a ring of ice
   689 | D:1      | 689 ||| READING scroll labelled GOR KOR DIU.
   690 | D:1      | 690 ||| READING scroll labelled CAELIA VODDY.
   715 | D:2      | 715 ||| STAIRDANCE
   776 | D:2      | 776 ||| DROPPING +3 whip of draining.
   777 | D:2      | 777 ||| DROPPING +0 whip.
   939 | D:2      | 939 ||| Stepping ~*~*~tactically~*~*~ (hiding).
   940 | D:2      | 940 ||| Stepping ~*~*~tactically~*~*~ (hiding).
  1004 | D:2      | 1004 ||| Stepping ~*~*~tactically~*~*~ (stealth).
  1017 | D:2      | Reached skill level 3 in Axes
  1017 | D:2      | Reached XP level 3. HP: 23/23 MP: 3/3
  1042 | D:2      | 1042 ||| DROPPING +0 mace.
  1117 | D:2      | 1117 ||| Stepping ~*~*~tactically~*~*~ (stealth).
  1283 | D:2      | Noticed Jessica
  1284 | D:2      | Noticed Sigmund
  1294 | D:2      | Slain by Sigmund

Levels and vault maps discovered:
D:1:      lemuel_arrival_room, layout_loops_ring
D:2:      layout_loops_ring, minmay_misc_feat_iff, uniq_jessica, uniq_sigmund

Skill      XL: |  1  2 |
---------------+-------+-----
Axes           | 2 3 |  3.3
Fighting       | |  3.2
Armour         | |  3.2
Shields        | |  3.2

Action                     || total
---------------------------++-------
  Melee: War axe           ||    67
    Use: Scroll            ||     3
 Armour: Scale mail        ||    35
  Dodge: Dodged            ||    33
  Block: Buckler           ||    12

Table legend:
 A = Non-vault XP
 B = Vault XP
 C = Vault XP percentage of total XP
 D = Non-vault monster count
 E = Vault monster count
 F = Vault count percentage of total count
                 A         B        C        D         E       F
            +---------+---------+-------+---------+---------+-------
      Total |      52 |       0 |   0.0 |      23 |       0 |   0.0
            +---------+---------+-------+---------+---------+-------
        D:1 |      18 |       0 |   0.0 |      11 |       0 |   0.0
        D:2 |      34 |       0 |   0.0 |      12 |       0 |   0.0
            +---------+---------+-------+---------+---------+-------
